 Dungeon Sprint DCSS version 0.19.1 (webtiles) character file.

64 equalderp2856 the Gouger (level 3, -3/19 HPs)
             Began as a Felid Fighter on Nov 28, 2016.
             Was a Follower of Nemelex Xobeh.
             Slain by a cyan ugly thing (16 damage)
             ... in the Dungeon (Sprint IX: "|||||||||||||||||||||||||||||").
             The game lasted 00:01:34 (404 turns).

equalderp2856 the Gouger (Felid Fighter)             Turns: 404, Time: 00:01:35

Health: -3/19      AC:  1    Str: 13    XL:     3   Next: 91%
Magic:  4/4        EV: 22    Int:  9    God:    Nemelex Xobeh [*.....]
Gold:   0          SH:  0    Dex: 15    Spells: 0 memorised, 2 levels left
                                        Lives:  0   Deaths: 1

rFire  . . .     SeeInvis +       - Unarmed
rCold  . . .     Gourm    .     (armour unavailable)
rNeg   . . .     Faith    .     (shield unavailable)
rPois  .         Spirit   .     (helmet unavailable)
rElec  .         Reflect  .     (cloak unavailable)
rCorr  .         Harm     .     (gloves unavailable)
MR     .....     NoTele   +     (boots unavailable)
Stlth  ++........               (no amulet)
                                (no ring)
                                (no ring)

@: quick
A: no armour, no weapons or thrown items, stealth, claws 1, fangs 3, see
invisible, carnivore 3, speed 1, shaggy fur 1, slow metabolism 1, sharp paws
a: Renounce Religion


You were in the Dungeon.
You worshipped Nemelex Xobeh.
Nemelex Xobeh was aware of your devotion.
You were not hungry.

You visited 1 branch

Inventory:

Jewellery
 n - a +2 ring of evasion
 o - a +3 ring of intelligence
Wands
 m - a wand of acid (7/15)
Scrolls
 h - 2 scrolls of blinking
 k - 3 scrolls of remove curse
 l - 2 scrolls of amnesia
Potions
 a - a potion of might
 d - 3 potions of heal wounds
 e - a potion of haste
 f - 4 potions of magic
 g - a potion of berserk rage
 i - a potion of invisibility
 j - 4 potions of curing
Miscellaneous
 c - a plain deck of destruction {drawn: 2}
 p - a plain deck of destruction {drawn: 1}
Comestibles
 b - a meat ration


   Skills:
 + Level 5.2 Fighting
 + Level 6.8 Dodging
 + Level 8.7 Unarmed Combat


You had 2 spell levels left.
You didn't know any spells.

Dungeon Overview and Level Annotations

Branches:
Dungeon (1/1)

Altars:
Cheibriados
Dithmenos
Elyvilon
Fedhas
Gozag
Hepliaklqana
Kikubaaqudgha
Makhleb
Nemelex Xobeh
Okawaru
Qazlal
Ru
Sif Muna
Trog
Uskayaw
Vehumet
Xom
Yredelemnul
Zin
The Shining One
Beogh
Jiyva
Lugonu


Innate Abilities, Weirdness & Mutations

You cannot wear armour.
You are incapable of wielding weapons or throwing items.
Your paws allow you to move quietly. (Stealth)
You have sharp claws.
You have razor-sharp teeth.
You have supernaturally acute eyesight. (SInv)
You are carnivorous and can eat meat at any time.
You cover ground quickly.
You are covered in fur. (AC +1)
You have a slow metabolism.
Your sharp claws are effective at attacking unaware monsters.


Message History

The cyan ugly thing gurgles horribly!
Evoke which item? (* to show all) (? for menu, Esc to quit)
You draw a card...
It is Vitriol.
You have drawn Vitriol.
Press: ? - help, Shift-Dir - straight line, f - hill giant
Aim: a hill giant, wielding a giant club The acid hits the cyan ugly thing.
The cyan ugly thing is splashed with acid.
The cyan ugly thing is lightly wounded.
The cyan ugly thing closely misses you.
Unknown command.
Evoke which item? (* to show all) (? for menu, Esc to quit)
You draw a card...
It is Wild Magic.
The yak is struck by twisting air!
Wisps of poison gas drift from the ogre's hands.
You hear a whooshing sound.
You feel a surge of magic. The cyan ugly thing headbutts you.
The cyan ugly thing shocks you!
Ouch! That really hurt!
You die...
Your body disappears without a glow. ▓▓▓▓▓▓▓▓ ▓▓▓▓▓▓▓▓▓▓ .9.).oY.
CoO.WYu@.▓ ▓▓▓▓▓▓▓▓▓▓▓▓▓▓▓▓▓.▓ ..................▓ ▓▓▓▓▓▓▓▓▓▓▓▓▓▓▓▓▓▓▓

You could see a cyan ugly thing, a hill giant, a yak, an orc warrior (wandering), an ogre and a shadow.

Vanquished Creatures
  2 hounds (D)
  An orc wizard (D)
  A worker ant (D)
  An adder (D)
  2 adder skeletons (D)
  3 giant cockroaches (D)
  A ball python skeleton (D)
  A bat (D)
  A kobold (D)
13 creatures vanquished.

Notes
Turn   | Place    | Note
-------+----------+-------------------------------------------
     0 | D        | equalderp2856 the Felid Fighter began the quest for the Orb.
     0 | D        | Reached XP level 1. HP: 10/10 MP: 2/2
    18 | D        | Noticed a worker ant
    18 | D        | Noticed a hound
    27 | D        | Killed a worker ant
    27 | D        | Reached skill level 5 in Dodging
    27 | D        | Reached skill level 6 in Unarmed Combat
    27 | D        | Reached XP level 2. HP: 11/15 MP: 3/3
    27 | D        | Reached XP level 3. HP: 13/18 MP: 4/4
    47 | D        | Reached skill level 7 in Unarmed Combat
    47 | D        | Reached XP level 4. HP: 6/22 MP: 5/5
   281 | D        | Found a roughly hewn altar of Beogh.
   281 | D        | Found a snail-covered altar of Cheibriados.
   281 | D        | Found a shadowy altar of Dithmenos.
   281 | D        | Found a white marble altar of Elyvilon.
   281 | D        | Found a blossoming altar of Fedhas.
   281 | D        | Found an opulent altar of Gozag.
   282 | D        | Found a hazy altar of Hepliaklqana.
   283 | D        | Found a viscous altar of Jiyva.
   284 | D        | Found an ancient bone altar of Kikubaaqudgha.
   285 | D        | Found a corrupted altar of Lugonu.
   286 | D        | Found a burning altar of Makhleb.
   287 | D        | Found a sparkling altar of Nemelex Xobeh.
   288 | D        | Found an iron altar of Okawaru.
   289 | D        | Found a stormy altar of Qazlal.
   290 | D        | Found a sacrificial altar of Ru.
   291 | D        | Found a deep blue altar of Sif Muna.
   292 | D        | Found a bloodstained altar of Trog.
   293 | D        | Found a hide-covered altar of Uskayaw.
   294 | D        | Found a radiant altar of Vehumet.
   295 | D        | Became a worshipper of Nemelex Xobeh the Trickster
   296 | D        | Found a shimmering altar of Xom.
   297 | D        | Found a basalt altar of Yredelemnul.
   297 | D        | Received a gift from Nemelex Xobeh
   298 | D        | Found a glowing silver altar of Zin.
   302 | D        | Found a glowing golden altar of the Shining One.
   327 | D        | Noticed a gargoyle
   327 | D        | Noticed a sky beast
   328 | D        | Reached skill level 5 in Fighting
   328 | D        | Reached skill level 8 in Unarmed Combat
   333 | D        | Killed from afar by a gargoyle
   334 | D        | Reached XP level 3. HP: -2/19 MP: 4/4
   334 | D        | Received a gift from Nemelex Xobeh
   337 | D        | Reached * piety under Nemelex Xobeh
   402 | D        | Received a gift from Nemelex Xobeh
   402 | D        | Noticed an orc warrior
   402 | D        | Noticed a hill giant
   402 | D        | Noticed an ogre
   402 | D        | Noticed a shadow
   402 | D        | Noticed a yak
   402 | D        | Noticed a cyan ugly thing
   404 | D        | Slain by a cyan ugly thing

Skill      XL: |  1  2  3  4 |
---------------+-------------+-----
Fighting       | 4 5 |  5.2
Dodging        | 5 6 |  6.8
Unarmed Combat | 6 7 8 |  8.7

Action                   |  1- 3 |  4- 6 || total
-------------------------+-------+-------++-------
Melee: Unarmed           |    36 |     2 ||    38
       Bite              |     3 |     1 ||     4
       Punch             |     1 |     1 ||     2
Evoke: Deck              |     2 |     1 ||     3
  Use: Potion            |     1 |       ||     1
Armor: Skin              |     2 |       ||     2
Dodge: Dodged            |    27 |     1 ||    28
